 Dungeon Crawl Stone Soup version 0.23-a0-350-g6fd5563 (webtiles) character file.

10310 Amnesiac the Earth Mage (level 11, -31/40 HPs)
             Began as a Felid Earth Elementalist on Oct 20, 2018.
             Was an Elder of Vehumet.
             Killed by blast of rock fragments (33 damage)
             ... on level 4 of the Lair of Beasts.
             The game lasted 00:38:21 (22019 turns).

Amnesiac the Earth Mage (Felid Earth Elementalist) Turns: 22019, Time: 00:38:21

Health: -31/40     AC:  3    Str:  6    XL:     11   Next: 34%
Magic:  9/28       EV: 18    Int: 25    God:    Vehumet [****..]
Gold:   1105       SH:  0    Dex: 17    Spells: 14/34 levels left
                                        Lives:  0   Deaths: 2

rFire    + . .     SeeInvis +   (weapon unavailable)
rCold    . . .     Gourm    .   (shield unavailable)
rNeg     . . .     Faith    .   (armour unavailable)
rPois    .         Spirit   .   (helmet unavailable)
rElec    .         Reflect  .   (cloak unavailable)
rCorr    .         Harm     +   (gloves unavailable)
MR       ++...                  (boots unavailable)
Stlth    +++.......             J - amulet of harm
HPRegen  0.13/turn              d - ring "Uceacwova" {MR+ Str+2 Int+4}
MPRegen  0.21/turn              B - ring of fire

@: quick
A: very small, no armour, no weapons or thrown items, stealth, claws 1, fangs 3,
see invisible, carnivore, speed 1, shaggy fur 3, slow metabolism 1, sharp paws
a: Renounce Religion


You were on level 4 of the Lair of Beasts.
You worshipped Vehumet.
Vehumet was greatly pleased with you.
You were not hungry.

You visited 3 branches of the dungeon, and saw 16 of its levels.
You also visited: Sewer and Volcano.

You collected 1105 gold pieces.

Inventory:

Missiles
 b - 383 stones
Jewellery
 d - the ring "Uceacwova" (left paw) {MR+ Str+2 Int+4}
   (You found it on level 7 of the Dungeon)

   [ring of protection from magic]

   It affects your strength (+2).
   It affects your intelligence (+4).
   It affects your resistance to hostile enchantments.
 m - an uncursed ring of protection from fire
 p - a +3 ring of slaying
 s - an uncursed ring of flight
 x - a cursed amulet of inaccuracy {unknown}
 B - a ring of fire (right paw)
 D - an uncursed ring of wizardry
 H - an uncursed amulet of regeneration
 J - an amulet of harm (around neck)
 P - a cursed -2 ring of protection {unknown}
Wands
 n - a wand of flame (136)
 u - a wand of disintegration (32)
 w - a wand of enslavement (11)
 y - a wand of random effects (22)
 G - a wand of paralysis (17)
 I - a wand of polymorph (39)
Scrolls
 a - 11 scrolls of remove curse {!r}
 e - 4 scrolls of magic mapping {!r}
 f - 4 scrolls of amnesia {!r}
 o - 6 scrolls of teleportation {!r}
 A - 3 scrolls of identify {!r}
 C - 5 scrolls of fog {!r}
 K - a scroll of holy word {!r}
Potions
 g - a potion of brilliance {!q}
 h - 4 potions of flight {!q}
 i - a potion of agility {!q}
 k - 5 potions of heal wounds {!q}
 l - 6 potions of curing {!q}
 q - 3 potions of might {!q}
 r - a potion of mutation {!q}
 t - 3 potions of invisibility {!q}
 v - a potion of ambrosia {!q}
 z - a potion of haste {!q}
 E - a potion of lignification {!q}
 F - 2 potions of cancellation {!q, unknown}
 L - a potion of magic {!q, unknown}
 M - 3 potions of resistance {!q, unknown}
 N - a potion of berserk rage {!q, unknown}
Miscellaneous
 O - a lamp of fire
Comestibles
 c - 32 rations


   Skills:
 - Level 2.6 Dodging
 - Level 2.6 Stealth
 + Level 12.2 Spellcasting
 - Level 1.1 Transmutations
 * Level 16.4 Earth Magic


You had 14 spell levels left.
You knew the following spells:

 Your Spells              Type           Power        Failure   Level  Hunger
a - Bolt of Magma         Conj/Fire/Erth ######....   3%          5    ###....
b - Passwall              Tmut/Erth      ######..     1%          2    None
c - Sandblast             Erth           ######       0%          1    None
d - Lee's Rapid Deconstr  Erth           #######...   1%          5    ###....
e - Petrify               Tmut/Erth      ######..     1%          4    None
f - Stone Arrow           Conj/Erth      ######       1%          3    None

Your spell library contained the following spells:

 Spells                   Type           Power        Failure   Level  Hunger
 Iskenderun's Mystic Bla  Conj           ###.....     11%         4    None
 Leda's Liquefaction      Hex/Erth       ######....   1%          4    None
 Inner Flame              Hex/Fire       ###.....     3%          3    None
 Corona                   Hex            ###....      4%          1    None
 Slow                     Hex            ###.....     6%          2    None
 Cause Fear               Hex            ###.......   36%         4    None
 Portal Projectile        Hex/Tloc       Unusable     N/A         3    N/A

Dungeon Overview and Level Annotations

Branches:
Dungeon (11/15)            Temple (1/1) D:7            Lair (4/6) D:9
  Swamp (0/4) Lair:2        Snake (0/4) Lair:2          Orc (0/2) D:9

Altars:
Ashenzari
Cheibriados
Dithmenos
Elyvilon
Fedhas
Gozag
Kikubaaqudgha
Makhleb
Nemelex Xobeh
Okawaru
Qazlal
Ru
Sif Muna
Trog
Vehumet
Xom
Yredelemnul
Zin
The Shining One
Beogh

Shops:
D:9 *[   D:11 [

Portals:
Trove: D:10 (give 9 potions of agility)

Annotations:
D:2 1 exclusion
Lair:4 1 transporter, Scuka's ghost, journeyman TrBe


Innate Abilities, Weirdness & Mutations

You cannot wear armour.
You are incapable of wielding weapons or throwing items.
Your paws allow you to move quietly. (Stealth)
You have sharp claws.
You have razor-sharp teeth.
You have supernaturally acute eyesight. (SInv)
You are carnivorous and can eat meat at any time.
You cover ground quickly.
Your thick and shaggy fur keeps you warm. (AC +3, rC+)
You have a slow metabolism.
Your sharp claws are effective at attacking unaware monsters.


Message History

Press: ? - help, Shift-Dir - straight line, f/p - torpor snail
Aim: a torpor snail (almost dead)
You feel a surge of power!
The bolt of magma hits the seven-headed hydra.
The seven-headed hydra is heavily wounded.
The bolt of magma hits the torpor snail.
You kill the torpor snail!
Vehumet accepts your kill.
You feel yourself speed up. The spiny frog barely misses you.
The crocodile barely misses you.
The seven-headed hydra closely misses you.
The seven-headed hydra bites you but does no damage.
The seven-headed hydra closely misses you.
The seven-headed hydra bites you!
The seven-headed hydra closely misses you.
The seven-headed hydra completely misses you.
The seven-headed hydra bites you.
* * * LOW HITPOINT WARNING * * *
The spiny frog stings you!!
Ouch! That really hurt!
You die...
The crocodile completely misses you.
You are now level 11!
You rejoin the land of the living...
Unknown command.
Why would you want to do that?
Unknown command.
The spiny frog croaks.
Casting: Bolt of Magma (safe; 3% risk of failure)
Confirm with . or Enter, or press ? or * to list all spells.
Aiming: Lee's Rapid Deconstruction (safe; 1% risk of failure)
Press: ? - help, Dir - move target cursor A translucent stone wall.
That beam is likely to hit you.
Continue anyway?
The wall shatters!
The blast of rock fragments hits you!
Ouch! That really hurt!
* * * LOW HITPOINT WARNING * * *
Scuka's ghost lets out a mournful wail.
Casting: Lee's Rapid Deconstruction (safe; 1% risk of failure)
Confirm with . or Enter, or press ? or * to list all spells.
Aiming: Lee's Rapid Deconstruction (safe; 1% risk of failure)
Press: ? - help, Dir - move target cursor A translucent stone wall.
That beam is likely to hit you.
Continue anyway?
The wall shatters!
The blast of rock fragments hits you!
* * * LOW HITPOINT WARNING * * *
Casting: Lee's Rapid Deconstruction (safe; 1% risk of failure)
Confirm with . or Enter, or press ? or * to list all spells.
Aiming: Lee's Rapid Deconstruction (safe; 1% risk of failure)
Press: ? - help, Dir - move target cursor A translucent stone wall.
That beam is likely to hit you.
Continue anyway?
The wall shatters!
The blast of rock fragments hits you!
* * * LOW HITPOINT WARNING * * *
Scuka's ghost yells, "Who would have thought, even in death it is a pleasure to
Casting: Lee's Rapid Deconstruction (safe; 1% risk of failure)
Confirm with . or Enter, or press ? or * to list all spells.
Aiming: Lee's Rapid Deconstruction (safe; 1% risk of failure)
Press: ? - help, Dir - move target cursor A translucent stone wall.
That beam is likely to hit you.
Continue anyway?
The wall shatters!
The blast of rock fragments hits you!
Ouch! That really hurt!
You die...

.....#.............#.).#P.....#..
.....#.P.........>.##.####.####..
.....#..............#.# #..# #..
.....P.............#..####..###..
...................#..#.#...P.P..
.................................
...................#.............
.(...............................
................@........P.......
..........#..#########..#..#.#...
............##YDWF...##.....#....
)...P.....#.#8.......8#..........
............#........$#......#...
....#.......#..†.t...$#..........
...........©#.!%.©...=#©.........
......#.....#...(....)#...P.##...
....##......#.........#.P...##...


You could see a seven-headed hydra, a yak, a spiny frog, a crocodile and Scuka's
ghost.

Vanquished Creatures
  A red draconian (Volcano)
  3 hydras
  The ghost of epen the Covert, a journeyman GnAs of Makhleb (D:10)
  5 two-headed ogres (Volcano)
  An ogre mage (Volcano)
  An unseen horror (D:7)
  Pikel (D:6)
  A lindwurm (Lair:4)
  3 oklob plants
  2 ugly things
  7 elephants (Lair:4)
  A torpor snail (Lair:4)
  5 spiny frogs
  3 rime drakes (Lair:4)
  A kobold demonologist (D:11)
  8 komodo dragons
  A troll (D:9)
  A tyrant leech (Lair:2)
  Prince Ribbit (D:6)
  Grinder (D:6)
  5 blink frogs (Lair:1)
  7 hippogriffs
  Sigmund (D:6)
  A spriggan (D:7)
  19 yaks
  Eustachio (D:6)
  5 fire bats (Volcano)
  A hungry ghost (D:8)
  Menkaure (D:4)
  A naga (Lair:2)
  6 water moccasins
  3 sky beasts
  3 porcupines
  Duvessa (D:7)
  4 slaves
  6 orc warriors
  5 ice beasts
  3 ogres
  5 phantoms
  5 crocodiles
  4 centaurs
  2 big kobolds
  12 bullfrogs
  Dowan (D:7)
  5 scorpions
  9 killer bees
  4 howler monkeys
  9 electric eels
  A crimson imp (D:7)
  4 bullfrog zombies
  2 jellies (D:5)
  7 lava snakes (Volcano)
  2 centaur zombies
  6 orc priests
  4 centaur skeletons
  4 hounds
  4 bullfrog skeletons
  A gnoll shaman (D:6)
  3 iguanas
  9 orc wizards
  6 worker ants
  A hound skeleton (D:7)
  2 hound zombies
  A mummy (D:8)
  A howler monkey zombie (D:6)
  8 gnolls
  10 adders
  6 river rats (Sewer)
  3 shadow imps
  An ooze (D:5)
  2 adder zombies
  5 adder skeletons
  2 worms
  A dart slug (D:2)
  14 leopard geckos
  24 orcs
  4 ball pythons (Sewer)
  5 giant cockroaches
  6 goblins
  7 hobgoblins
  13 jackals
  21 kobolds
  6 quokkas
  6 bats
  6 frilled lizards
  2 quokka zombies (D:6)
  26 rats
  A fungus (Lair:1)
  3 plants
417 creatures vanquished.

Vanquished Creatures (others)
  3 plants
3 creatures vanquished.

Grand Total: 420 creatures vanquished

Notes
Turn   | Place    | Note
-------+----------+-------------------------------------------
     0 | D:1      | Amnesiac the Felid Earth Elementalist began the quest for
                  | the Orb.
     0 | D:1      | Reached XP level 1. HP: 7/7 MP: 4/4
    63 | D:1      | Reached skill level 3 in Earth Magic
    80 | D:1      | Reached XP level 2. HP: 8/11 MP: 0/6
    96 | D:1      | Learned a level 2 spell: Passwall
   738 | D:4      | Found a glowing silver altar of Zin.
   757 | D:4      | Noticed a hippogriff
   764 | D:4      | Noticed Menkaure
   784 | D:4      | Noticed a scorpion
   791 | D:4      | Reached XP level 3. HP: 14/14 MP: 2/8
   894 | D:4      | Killed Menkaure
   894 | D:4      | Reached skill level 4 in Earth Magic
   894 | D:4      | Reached XP level 4. HP: 11/18 MP: 3/10
   894 | D:4      | Reached XP level 5. HP: 13/21 MP: 3/11
   914 | D:4      | Killed a hippogriff
   914 | D:4      | Reached skill level 5 in Earth Magic
   914 | D:4      | Gained mutation: You are covered in thick fur. (AC +2)
                  | [Felid growth]
   914 | D:4      | Reached XP level 6. HP: 16/24 MP: 2/12
  1100 | D:5      | Entered Level 5 of the Dungeon
  1158 | D:5      | Learned a level 5 spell: Lee's Rapid Deconstruction
  1162 | D:5      | Learned a level 3 spell: Stone Arrow
  1506 | D:5      | Reached skill level 6 in Earth Magic
  1645 | D:5      | Found a stormy altar of Qazlal.
  1691 | D:5      | Found a shadowy altar of Dithmenos.
  1742 | D:5      | Noticed a sky beast
  1751 | D:5      | Killed a sky beast
  1751 | D:5      | Reached XP level 7. HP: 23/27 MP: 0/14
  1800 | D:5      | Found a glowing drain.
  1842 | Sewer    | Entered a sewer
  3678 | D:5      | Reached skill level 7 in Earth Magic
  3786 | D:5      | Reached skill level 5 in Spellcasting
  3988 | D:5      | Reached XP level 8. HP: 31/31 MP: 6/16
  4666 | D:6      | Found a white marble altar of Elyvilon.
  4666 | D:6      | Noticed Pikel
  4803 | D:6      | Found a sacrificial altar of Ru.
  4938 | D:6      | Reached skill level 8 in Earth Magic
  5090 | D:6      | Noticed Eustachio
  5180 | D:6      | Killed Eustachio
  5182 | D:6      | Noticed Sigmund
  5197 | D:6      | Killed Sigmund
  5197 | D:6      | Reached skill level 9 in Earth Magic
  5309 | D:6      | Noticed Grinder
  5364 | D:6      | Killed Grinder
  5364 | D:6      | Reached XP level 9. HP: 25/34 MP: 8/19
  5464 | D:6      | Found a blossoming altar of Fedhas.
  5513 | D:6      | Killed Pikel
  5691 | D:6      | Reached skill level 10 in Earth Magic
  6306 | D:7      | Found a staircase to the Ecumenical Temple.
  6318 | Temple   | Entered the Ecumenical Temple
  6360 | Temple   | Became a worshipper of Vehumet
  7023 | D:2      | Noticed an angel
  7024 | D:2      | Found a glowing silver altar of Zin.
  7028 | D:2      | Found a shimmering altar of Xom.
  7261 | D:2      | Reached * piety under Vehumet
  7261 | D:2      | Offered knowledge of Shock by Vehumet.
  7644 | D:3      | Found a glowing golden altar of the Shining One.
  8316 | D:7      | Noticed Dowan
  8321 | D:7      | Noticed Duvessa
  8323 | D:7      | Learned a level 4 spell: Petrify
  8328 | D:7      | Killed Dowan
  8415 | D:7      | Got a clouded glass ring
  8416 | D:7      | Identified the ring "Uceacwova" {MR+ Str+2 Int+4} (You
                  | found it on level 7 of the Dungeon)
  8429 | D:7      | Found a sparkling altar of Nemelex Xobeh.
  8453 | D:7      | Found a shadowy altar of Dithmenos.
  8949 | D:7      | Killed Duvessa
  8952 | D:7      | Noticed Prince Ribbit
  9081 | D:6      | Killed Prince Ribbit
  9301 | D:7      | Reached skill level 11 in Earth Magic
  9304 | D:7      | Noticed an unseen horror
  9613 | D:7      | Killed an unseen horror
  9613 | D:7      | Reached XP level 10. HP: 37/37 MP: 3/23
  9830 | D:7      | Offered knowledge of Throw Flame by Vehumet.
  9955 | D:7      | Reached ** piety under Vehumet
 11058 | D:8      | Found a snail-covered altar of Cheibriados.
 11102 | D:8      | Reached skill level 12 in Earth Magic
 11337 | D:8      | Offered knowledge of Static Discharge by Vehumet.
 11891 | D:9      | Found a staircase to the Lair.
 11893 | D:9      | Found Vofeemm's General Store.
 12237 | D:9      | Reached *** piety under Vehumet
 12367 | D:9      | Found Neliqo's Armour Shop.
 12400 | D:9      | Found a staircase to the Orcish Mines.
 12458 | D:9      | Found a roughly hewn altar of Beogh.
 12564 | D:9      | Found a burning altar of Makhleb.
 12715 | D:9      | Reached XP level 11. HP: 40/40 MP: 10/25
 12917 | D:9      | Found a basalt altar of Yredelemnul.
 13049 | D:10     | Entered Level 10 of the Dungeon
 13140 | D:10     | Noticed a green ugly thing
 13146 | D:10     | Killed a green ugly thing
 13396 | D:10     | Offered knowledge of Ignite Poison by Vehumet.
 13551 | D:10     | Reached skill level 13 in Earth Magic
 13668 | D:10     | Found a portal to a secret trove of treasure.
 14133 | D:10     | Found a runed gate.
 14137 | D:10     | Found a runed gate.
 14137 | D:10     | Found a runed gate.
 14137 | D:10     | Noticed epen's ghost (journeyman GnAs)
 14137 | D:10     | Noticed a nine-headed hydra
 14138 | D:10     | Noticed a nine-headed hydra
 14256 | D:10     | Killed a nine-headed hydra
 14257 | D:10     | Killed a nine-headed hydra
 14318 | D:10     | Killed epen's ghost
 14612 | D:11     | Reached skill level 10 in Spellcasting
 14818 | D:11     | Noticed a white ugly thing
 14850 | D:11     | Killed a white ugly thing
 14981 | D:11     | Reached **** piety under Vehumet
 15155 | D:11     | Found Xyimash's Armour Shop.
 15571 | D:9      | Offered knowledge of Bolt of Magma by Vehumet.
 15660 | Lair:1   | Entered Level 1 of the Lair of Beasts
 15742 | Lair:1   | Found an opulent altar of Gozag.
 15742 | Lair:1   | Noticed an oklob plant
 15885 | Lair:1   | Reached skill level 14 in Earth Magic
 15957 | Lair:1   | Killed an oklob plant
 16589 | Lair:1   | Gained mutation: Your thick and shaggy fur keeps you warm.
                  | (AC +3, rC+) [Felid growth]
 16589 | Lair:1   | Reached XP level 12. HP: 44/44 MP: 21/27
 17335 | Lair:2   | Found a glowing silver altar of Zin.
 17362 | Lair:2   | Found a staircase to the Snake Pit.
 17527 | Lair:2   | Learned a level 5 spell: Bolt of Magma
 17849 | Lair:2   | Found a staircase to the Swamp.
 18393 | Lair:3   | Noticed a six-headed hydra
 18407 | Lair:3   | Killed a six-headed hydra
 18500 | Lair:3   | Reached skill level 15 in Earth Magic
 19440 | Lair:3   | You fall through a shaft!
 19462 | Lair:4   | Reached ***** piety under Vehumet
 19467 | Lair:4   | Offered knowledge of Iskenderun's Mystic Blast by Vehumet.
 19649 | Lair:4   | Found a transporter.
 19653 | Lair:4   | Found a transporter.
 19653 | Lair:4   | Noticed Scuka's ghost (journeyman TrBe)
 19656 | Lair:4   | Noticed a seven-headed hydra
 19895 | Lair:4   | Found a dark tunnel.
 19977 | Volcano  | Entered a volcano
 20481 | Volcano  | Noticed a two-headed ogre
 20481 | Volcano  | Noticed a two-headed ogre
 20491 | Volcano  | Killed a two-headed ogre
 20493 | Volcano  | Killed a two-headed ogre
 20493 | Volcano  | Reached XP level 13. HP: 47/47 MP: 14/29
 20508 | Volcano  | Reached skill level 16 in Earth Magic
 20515 | Volcano  | Noticed a red draconian
 20805 | Volcano  | Killed a red draconian
 20904 | Volcano  | Found a burning altar of Makhleb.
 20948 | Volcano  | Found a burning altar of Makhleb.
 21979 | Lair:4   | HP: 1/47 [poisoned by a spiny frog]
 21981 | Lair:4   | Slain by a water moccasin
 21982 | Lair:4   | Reached XP level 12. HP: -1/44 MP: 29/29
 21987 | Lair:4   | Mangled by a spiny frog
 21988 | Lair:4   | Reached XP level 11. HP: -10/40 MP: 21/28
 22018 | Lair:4   | HP: 2/40 [blast of rock fragments (7)]
 22019 | Lair:4   | Killed by blast of rock fragments

Vault maps used:
D:1:      saegor_arrival_under_anarchy, hangedman_abyss_or_decor_lesser_grid
D:2:      grunt_temple_overflow_order_and_chaos_1
D:3:      lemuel_doored_altar, kennysheep_generic_room_7
D:4:      minmay_stone_trees_small, lemuel_altar_in_water, uniq_menkaure
D:5:      nicolae_overflow_crystal_walls, kennysheep_mini_moat,
          gup_sewer_entry_bowl, first_ration
D:6:      nicolae_overflow_hidden_temple, kennysheep_little_box, fedhas_altar_2,
          uniq_pikel, uniq_grinder, uniq_eustachio, uniq_sigmund
D:7:      kennysheep_big_flooded_room, nemelex_xobeh_ov_fountains_minmay,
          minmay_temple_entry_overgrown, the_bakery, grunt_dithmenos_smoke,
          uniq_prince_ribbit1, uniq_duvessa
D:8:      slow_altar_1, water_maze_lemuel
D:9:      lemuel_coloured_pillars_altar, bloody_makhleb, dpeg_oklobed_lair,
          minmay_orc_entry_temple_small, serial_shops,
          nicolae_shop_temple_entry_statues_fountains, nicolae_shop_statue_plus,
          kennysheep_generic_room_10
D:10:     gammafunk_ghost_hydra_chop, enter_trove_1, grunt_decor_arrowhead,
          minmay_misc_feat_alley
D:11:     serial_shops, nicolae_shop_crystal
Temple:   jpeg_temple_clearing
Lair:1:   lemuel_oklob_altar, infiniplex_staircase_pool_2
Lair:2:   minmay_swamp_entry_worms, guppyfry_snake_entry_island, basic_altar,
          grunt_megastairs_5
Lair:3:   minmay_lair_oklob_chamber
Lair:4:   nicolae_volcano_entry_vermiform, gammafunk_ghost_arena
Sewer:    sewer_minmay_treatment
Volcano:  volcano_grotto

Skill      XL: |  1  2  3  4  5  6  7  8  9 10 11 12 13 |
---------------+----------------------------------------+-----
Earth Magic    | 3 4 5 6 7 9 11 12 14 15 16 | 16.4
Spellcasting   | 3 4 5 6 8 9 10 11 12 | 12.2
Dodging        | |  2.6
Stealth        | |  2.6
Transmutations | |  1.1

Action                   |  1- 3 |  4- 6 |  7- 9 | 10-12 | 13-15 || total
-------------------------+-------+-------+-------+-------+-------++-------
Melee: Unarmed           |    45 |    67 |    86 |    13 |     1 ||   212
       Bite              |     5 |     6 |     6 |       |     1 ||    18
 Cast: Sandblast         |    25 |    32 |    28 |    12 |     5 ||   102
       Stone Arrow       |       |     9 |   143 |    56 |     2 ||   210
       Passwall          |       |     1 |     4 |     1 |       ||     6
       Lee's Rapid Decon |       |       |    49 |   186 |    18 ||   253
       Petrify           |       |       |     2 |    12 |     3 ||    17
       Bolt of Magma     |       |       |       |    46 |     5 ||    51
Evoke: Wand              |       |       |       |    21 |       ||    21
  Use: Scroll            |       |     5 |       |    17 |     2 ||    24
       Potion            |       |     1 |       |     4 |     1 ||     6
 Stab: Sleeping          |     3 |     1 |     3 |       |       ||     7
  Eat: Chunk             |     8 |     1 |    34 |    57 |     5 ||   105
Armor: Skin              |     4 |     8 |    14 |     5 |       ||    31
Dodge: Dodged            |    56 |    75 |   122 |    67 |     3 ||   323

Table legend:
 A = Non-vault XP
 B = Vault XP
 C = Vault XP percentage of total XP
 D = Non-vault monster count
 E = Vault monster count
 F = Vault count percentage of total count
                 A         B        C        D         E       F
            +---------+---------+-------+---------+---------+-------
      Total |   27581 |   19100 |  40.9 |     297 |     112 |  27.4
            +---------+---------+-------+---------+---------+-------
        D:1 |      45 |       0 |   0.0 |      25 |       0 |   0.0
        D:2 |     105 |       0 |   0.0 |      23 |       0 |   0.0
        D:3 |      18 |       3 |  14.3 |       8 |       2 |  20.0
        D:4 |     313 |     183 |  36.9 |      12 |       1 |   7.7
        D:5 |     866 |       8 |   0.9 |      24 |       4 |  14.3
        D:6 |     949 |    1624 |  63.1 |      28 |       5 |  15.2
        D:7 |    1056 |    1244 |  54.1 |      26 |       5 |  16.1
        D:8 |    2527 |      18 |   0.7 |      29 |       1 |   3.3
        D:9 |    1735 |     326 |  15.8 |      19 |      12 |  38.7
       D:10 |    1669 |    2922 |  63.6 |      25 |       3 |  10.7
       D:11 |    2837 |       0 |   0.0 |      20 |       0 |   0.0
     Lair:1 |    3582 |     572 |  13.8 |      16 |       1 |   5.9
     Lair:2 |    2412 |     606 |  20.1 |      11 |       3 |  21.4
     Lair:3 |    2594 |    1996 |  43.5 |       9 |       5 |  35.7
     Lair:4 |    6873 |    1415 |  17.1 |      22 |       3 |  12.0
      Sewer |       0 |     247 | 100.0 |       0 |      48 | 100.0
    Volcano |       0 |    7936 | 100.0 |       0 |      19 | 100.0
            +---------+---------+-------+---------+---------+-------
